TOP OF THE 1ST |
Idaho Falls Chukars batting - Pitching for Hogsmeade Cauldrons : RHP Stefan Famintsyn
|
Pitching: RHP Stefan Famintsyn
|
|
Batting: LHB Juan Rosado
|
0-0: Called Strike 0-1: Ball 1-1: Called Strike 1-2: Ground out 4-3 (Groundball, 4)
|
Batting: RHB Yoichibei Chikafuji
|
0-0: Swinging Strike 0-1: Ball 1-1: Ball 2-1: Foul Ball, location: 2F 2-2: SINGLE (Flyball, 89S)
|
Batting: RHB Ilkka Haapajarvi
|
0-0: Ball Yoichibei Chikafuji is caught stealing 2nd base 1-0: Foul Ball, location: 2F 1-1: Fly out, F9 (Flyball, 9D)
|
Top of the 1st over - 0 runs, 1 hit, 0 errors, 0 left on base; Idaho Falls 0 - Hogsmeade 0 |
BOTTOM OF THE 1ST |
Hogsmeade Cauldrons batting - Pitching for Idaho Falls Chukars : LHP Jeffery Page
|
Pitching: LHP Jeffery Page
|
|
Batting: RHB César Ramos
|
0-0: Foul Ball, location: 2F 0-1: Foul Ball, location: 2F 0-2: Ball 1-2: Ball 2-2: Foul Ball, location: 2F 2-2: Foul Ball, location: 2F 2-2: Ball 3-2: Fly out, F8 (Flyball, 8LD)
|
Batting: RHB Panas Pletnev
|
0-0: Ball 1-0: DOUBLE (Flyball, 89D)
|
Batting: RHB Damon Newbold
|
0-0: Foul Ball, location: 2F 0-1: Foul Ball, location: 2F 0-2: Ball 1-2: Ball 2-2: Strikes out swinging
|
Batting: RHB Luis Manuel Flores
|
0-0: Ground out 4-3 (Groundball, 4)
|
Bottom of the 1st over - 0 runs, 1 hit, 0 errors, 1 left on base; Idaho Falls 0 - Hogsmeade 0 |
TOP OF THE 2ND |
Idaho Falls Chukars batting - Pitching for Hogsmeade Cauldrons : RHP Stefan Famintsyn
|
Batting: LHB Víctor Puente
|
0-0: Ball 1-0: Ball 2-0: Called Strike 2-1: SINGLE (Flyball, 9LS)
|
Batting: SHB Tony Manzanares
|
0-0: DOUBLE (Line Drive, 7LM) Víctor Puente to third
|
Batting: RHB Fytor Ceia
|
0-0: Called Strike 0-1: Ball 1-1: Fly out, F9 (Flyball, 89M) Runner from 3rd tags up, OUT at HOME Tony Manzanares to third
|
Batting: SHB Ernesto Carrión
|
0-0: Called Strike 0-1: Swinging Strike 0-2: Ball 1-2: Foul Ball, location: 2F 1-2: Strikes out looking
|
Top of the 2nd over - 0 runs, 2 hits, 0 errors, 1 left on base; Idaho Falls 0 - Hogsmeade 0 |
BOTTOM OF THE 2ND |
Hogsmeade Cauldrons batting - Pitching for Idaho Falls Chukars : LHP Jeffery Page
|
Batting: RHB Akke Derksen
|
0-0: Foul Ball, location: 2F 0-1: Ball 1-1: Swinging Strike 1-2: Foul Ball, location: 2F 1-2: Ball 2-2: Strikes out swinging
|
Batting: RHB Mariano Saelices
|
0-0: Foul Ball, location: 2F 0-1: DOUBLE (Flyball, 8LXD) - OUT at third base trying to stretch hit.
|
Batting: RHB José Vargas
|
0-0: Ball 1-0: Ball 2-0: Ball 3-0: Called Strike 3-1: Base on Balls
|
Batting: RHB Lu Tsai
|
0-0: SINGLE (Groundball, 56D) José Vargas to second
|
Batting: RHB Manyara Akintola
|
0-0: Ball 1-0: Fielders Choice at 2nd, 6-4 (Groundball, 6)
|
Bottom of the 2nd over - 0 runs, 2 hits, 0 errors, 2 left on base; Idaho Falls 0 - Hogsmeade 0 |
TOP OF THE 3RD |
Idaho Falls Chukars batting - Pitching for Hogsmeade Cauldrons : RHP Stefan Famintsyn
|
Batting: RHB Luo-lang Li
|
0-0: Swinging Strike 0-1: Ball 1-1: Swinging Strike 1-2: Strikes out swinging
|
Batting: RHB Paul Evison
|
0-0: Fly out, F9 (Line Drive, 9)
|
Batting: LHB Juan Rosado
|
0-0: Foul Ball, location: 2F 0-1: Called Strike 0-2: Strikes out swinging
|
Top of the 3rd over - 0 runs, 0 hits, 0 errors, 0 left on base; Idaho Falls 0 - Hogsmeade 0 |
BOTTOM OF THE 3RD |
Hogsmeade Cauldrons batting - Pitching for Idaho Falls Chukars : LHP Jeffery Page
|
Batting: RHB César Ramos
|
0-0: Ball 1-0: Ball 2-0: Called Strike 2-1: Swinging Strike 2-2: SINGLE (Line Drive, 7S)
|
Batting: RHB Panas Pletnev
|
0-0: Swinging Strike 0-1: Ball 1-1: Ball 2-1: Fly out, F8 (Flyball, 8LM)
|
Batting: RHB Damon Newbold
|
0-0: Ball 1-0: Called Strike 1-1: SINGLE (Flyball, 9S) César Ramos to second Runner from 2nd tries for 3rd, SAFE, throw made to third
|
Batting: RHB Luis Manuel Flores
|
0-0: SINGLE (Flyball, 89S) César Ramos scores Damon Newbold to second Runner from 2nd tries for 3rd, OUT!
|
Batting: RHB Akke Derksen
|
0-0: Ball 1-0: Ball 2-0: Ball 3-0: Base on Balls Luis Manuel Flores to second
|
Batting: RHB Mariano Saelices
|
0-0: Called Strike 0-1: Called Strike 0-2: Strikes out swinging passed ball, reaches first! Luis Manuel Flores to third Akke Derksen to second
|
Batting: RHB José Vargas
|
0-0: Ball Wild Pitch! Luis Manuel Flores scores Akke Derksen to third Mariano Saelices to second 1-0: Fly out, F8 (Flyball, 89D)
|
Bottom of the 3rd over - 2 runs, 3 hits, 0 errors, 2 left on base; Idaho Falls 0 - Hogsmeade 2 |
TOP OF THE 4TH |
Idaho Falls Chukars batting - Pitching for Hogsmeade Cauldrons : RHP Stefan Famintsyn
|
Batting: RHB Yoichibei Chikafuji
|
0-0: Ball 1-0: Ground out 1-3 (Groundball, 13S)
|
Batting: RHB Ilkka Haapajarvi
|
0-0: Called Strike 0-1: Ball 1-1: Ball 2-1: Ground out 3-1 (Groundball, 34S)
|
Batting: LHB Víctor Puente
|
0-0: Foul Ball, location: 2F 0-1: Fly out, F7 (Flyball, 7D)
|
Top of the 4th over - 0 runs, 0 hits, 0 errors, 0 left on base; Idaho Falls 0 - Hogsmeade 2 |
BOTTOM OF THE 4TH |
Hogsmeade Cauldrons batting - Pitching for Idaho Falls Chukars : LHP Jeffery Page
|
Batting: RHB Lu Tsai
|
0-0: Called Strike 0-1: SINGLE (Groundball, 6MD)
|
Batting: RHB Manyara Akintola
|
0-0: Ball Wild Pitch! Lu Tsai to second 1-0: Fly out, F4 (Line Drive, 4M)
|
Batting: RHB César Ramos
|
0-0: Ball 1-0: Called Strike 1-1: SINGLE (Line Drive, 89M) Lu Tsai to third Runner from 3rd tries for Home, SAFE, no throw
|
Batting: RHB Panas Pletnev
|
0-0: Foul Ball, location: 2F 0-1: Called Strike 0-2: Grounds into double play, 6-4-3 (Groundball, 6D)
|
Bottom of the 4th over - 1 run, 2 hits, 0 errors, 0 left on base; Idaho Falls 0 - Hogsmeade 3 |
TOP OF THE 5TH |
Idaho Falls Chukars batting - Pitching for Hogsmeade Cauldrons : RHP Stefan Famintsyn
|
Batting: SHB Tony Manzanares
|
0-0: Called Strike 0-1: Foul Ball, location: 2F 0-2: Strikes out swinging
|
Batting: RHB Fytor Ceia
|
0-0: Ball 1-0: Called Strike 1-1: Ball 2-1: Called Strike 2-2: Ball 3-2: Strikes out swinging
|
Batting: SHB Ernesto Carrión
|
0-0: Ball 1-0: Ground out U3 (Groundball, 34)
|
Top of the 5th over - 0 runs, 0 hits, 0 errors, 0 left on base; Idaho Falls 0 - Hogsmeade 3 |
BOTTOM OF THE 5TH |
Hogsmeade Cauldrons batting - Pitching for Idaho Falls Chukars : LHP Jeffery Page
|
Batting: RHB Damon Newbold
|
0-0: Ball 1-0: Ball 2-0: Fly out, F7 (Line Drive, 7)
|
Batting: RHB Luis Manuel Flores
|
0-0: Ball 1-0: Swinging Strike 1-1: Swinging Strike 1-2: Ball 2-2: Foul Ball, location: 2F 2-2: Strikes out looking
|
Batting: RHB Akke Derksen
|
0-0: Called Strike 0-1: Called Strike 0-2: Foul Ball, location: 2F 0-2: Foul Ball, location: 2F 0-2: Strikes out swinging
|
Bottom of the 5th over - 0 runs, 0 hits, 0 errors, 0 left on base; Idaho Falls 0 - Hogsmeade 3 |
TOP OF THE 6TH |
Idaho Falls Chukars batting - Pitching for Hogsmeade Cauldrons : RHP Stefan Famintsyn
|
Batting: RHB Luo-lang Li
|
0-0: Called Strike 0-1: Ball 1-1: Ball 2-1: Swinging Strike 2-2: Ball 3-2: SINGLE (Line Drive, 34)
|
Batting: RHB Paul Evison
|
0-0: Ball 1-0: Foul Ball, location: 2F 1-1: SINGLE (Groundball, 56D) Luo-lang Li to second
|
Batting: LHB Juan Rosado
|
0-0: Ball 1-0: Foul Ball, location: 2F 1-1: Ball 2-1: Swinging Strike 2-2: Foul Ball, location: 2F 2-2: Ball 3-2: Base on Balls Luo-lang Li to third Paul Evison to second
|
Batting: RHB Yoichibei Chikafuji
|
0-0: Ball 1-0: Ball 2-0: Ball 3-0: Base on Balls Luo-lang Li scores Paul Evison to third Juan Rosado to second
|
Batting: RHB Ilkka Haapajarvi
|
0-0: Called Strike 0-1: Ball 1-1: SINGLE (Groundball, 56) (infield hit) Paul Evison scores Juan Rosado to third Yoichibei Chikafuji to second
|
Batting: LHB Víctor Puente
|
0-0: Foul Ball, location: 2F 0-1: Ball 1-1: Ball 2-1: Ball 3-1: SINGLE (Flyball, 8RS) Juan Rosado scores Yoichibei Chikafuji to third Ilkka Haapajarvi to second
|
Batting: SHB Tony Manzanares
|
0-0: Ball 1-0: Called Strike 1-1: SINGLE (Groundball, 34D) Yoichibei Chikafuji scores Ilkka Haapajarvi to third Víctor Puente to second Runner from 3rd tries for Home, SAFE, no throw
|
Pitching: RHP Cristóbal Garza
|
|
Batting: RHB Fytor Ceia
|
0-0: Fly out, F9 (Flyball, 9D) Runner from 2nd tags up, SAFE at 3rd, no throw
|
Batting: SHB Ernesto Carrión
|
0-0: Ball 1-0: Called Strike 1-1: Foul Ball, location: 2F 1-2: Grounds into double play, 4-6-3 (Groundball, 4)
|
Top of the 6th over - 5 runs, 5 hits, 0 errors, 1 left on base; Idaho Falls 5 - Hogsmeade 3 |
BOTTOM OF THE 6TH |
Hogsmeade Cauldrons batting - Pitching for Idaho Falls Chukars : LHP Jeffery Page
|
Batting: RHB Mariano Saelices
|
0-0: Swinging Strike 0-1: Ground out 5-3 (Groundball, 56)
|
Batting: RHB José Vargas
|
0-0: Ball 1-0: Foul Ball, location: 2F 1-1: Ball 2-1: SOLO HOME RUN (Flyball, 78XD), Distance : 442 ft
|
Batting: RHB Lu Tsai
|
0-0: Ball 1-0: Ball 2-0: Ball 3-0: Base on Balls
|
Batting: RHB Manyara Akintola
|
0-0: Ball 1-0: Swinging Strike 1-1: SINGLE (Groundball, 6MD) Lu Tsai to second
|
Batting: RHB César Ramos
|
0-0: Called Strike 0-1: Ball 1-1: Foul Ball, location: 2F 1-2: Ball 2-2: Foul Ball, location: 2F 2-2: Foul Ball, location: 2F 2-2: Ball 3-2: Strikes out swinging
|
Batting: RHB Panas Pletnev
|
0-0: Called Strike 0-1: Ball 1-1: SINGLE (Line Drive, 6MD) Lu Tsai to third Manyara Akintola to second Runner from 3rd tries for Home, SAFE, no throw
|
Batting: RHB Damon Newbold
|
0-0: Foul Ball, location: 2F 0-1: Ball 1-1: Called Strike 1-2: Ball 2-2: Strikes out swinging
|
Bottom of the 6th over - 2 runs, 3 hits, 0 errors, 2 left on base; Idaho Falls 5 - Hogsmeade 5 |
TOP OF THE 7TH |
Idaho Falls Chukars batting - Pitching for Hogsmeade Cauldrons : RHP Cristóbal Garza
|
Pinch Hitting: LHB Wulf Paauwe
|
0-0: Ball 1-0: Ball 2-0: Called Strike 2-1: Foul Ball, location: 2F 2-2: Ball 3-2: SINGLE (Line Drive, 4MD)
|
Batting: RHB Paul Evison
|
0-0: Grounds into double play, 6-4-3 (Groundball, 6)
|
Batting: LHB Juan Rosado
|
0-0: Ball 1-0: Ball 2-0: Foul Ball, location: 2F 2-1: Called Strike 2-2: Ball 3-2: Ground out 6-3 (Groundball, 6MS)
|
Top of the 7th over - 0 runs, 1 hit, 0 errors, 0 left on base; Idaho Falls 5 - Hogsmeade 5 |
BOTTOM OF THE 7TH |
Hogsmeade Cauldrons batting - Pitching for Idaho Falls Chukars : LHP Jeffery Page
|
Now at 1B: Wulf Paauwe
|
|
Batting: RHB Luis Manuel Flores
|
0-0: Ball 1-0: Swinging Strike 1-1: Ball 2-1: Ball 3-1: Foul Ball, location: 2F 3-2: SINGLE (Line Drive, 89S)
|
Pitching: RHP Raúl Sánchez
|
|
Batting: RHB Akke Derksen
|
0-0: Ball 1-0: Ball 2-0: Ball 3-0: Called Strike 3-1: Ground out U3 (Groundball, 34S) Luis Manuel Flores to second
|
Batting: RHB Mariano Saelices
|
0-0: Fly out, F8 (Flyball, 89XD) Runner from 2nd tags up, SAFE at 3rd, no throw
|
Batting: RHB José Vargas
|
0-0: SINGLE (Groundball, 6MD) Luis Manuel Flores scores
|
Batting: RHB Lu Tsai
|
0-0: Foul Ball, location: 2F 0-1: Foul Ball, location: 2F 0-2: Ball 1-2: Ball 2-2: Ball 3-2: Reached on error, E6 (Groundball, 6M) José Vargas to third
|
Batting: RHB Manyara Akintola
|
0-0: Ball 1-0: Called Strike 1-1: Fly out, F7 (Flyball, 78M)
|
Bottom of the 7th over - 1 run, 2 hits, 1 error, 2 left on base; Idaho Falls 5 - Hogsmeade 6 |
TOP OF THE 8TH |
Idaho Falls Chukars batting - Pitching for Hogsmeade Cauldrons : RHP Cristóbal Garza
|
Batting: RHB Yoichibei Chikafuji
|
0-0: Swinging Strike 0-1: Ball 1-1: Ball 2-1: Called Strike 2-2: Ground out 4-3 (Groundball, 4)
|
Batting: RHB Ilkka Haapajarvi
|
0-0: Called Strike 0-1: Swinging Strike 0-2: Ball 1-2: Foul Ball, location: 2F 1-2: Foul Ball, location: 2F 1-2: Ball 2-2: Foul Ball, location: 2F 2-2: Foul Ball, location: 2F 2-2: Ground out 6-3 (Groundball, 6)
|
Batting: LHB Víctor Puente
|
0-0: Called Strike 0-1: Called Strike 0-2: Ball 1-2: Ground out 4-3 (Groundball, 4)
|
Top of the 8th over - 0 runs, 0 hits, 0 errors, 0 left on base; Idaho Falls 5 - Hogsmeade 6 |
BOTTOM OF THE 8TH |
Hogsmeade Cauldrons batting - Pitching for Idaho Falls Chukars : RHP Raúl Sánchez
|
Batting: RHB César Ramos
|
0-0: Ball 1-0: Ball 2-0: Called Strike 2-1: Fly out, F5 (Popup, 5F)
|
Batting: RHB Panas Pletnev
|
0-0: Ball 1-0: Called Strike 1-1: Ball 2-1: Foul Ball, location: 2F 2-2: SINGLE (Line Drive, 6MD)
|
Batting: RHB Damon Newbold
|
0-0: Called Strike 0-1: Ball 1-1: Ball Panas Pletnev steals 2nd base 2-1: Intentional Walk
|
Batting: RHB Luis Manuel Flores
|
0-0: SINGLE (Line Drive, 34D) Panas Pletnev to third Damon Newbold to second
|
Batting: RHB Akke Derksen
|
0-0: Ball 1-0: Ball 2-0: SINGLE (Line Drive, 5D) Panas Pletnev scores Damon Newbold to third Luis Manuel Flores to second Runner from 3rd tries for Home, SAFE, throw made home
|
Pitching: RHP Juan Rúbio
|
|
Batting: RHB Mariano Saelices
|
0-0: Swinging Strike 0-1: Ball 1-1: Ball 2-1: SINGLE (Groundball, 56D) Luis Manuel Flores to third Akke Derksen to second Runner from 3rd tries for Home, SAFE, no throw
|
Batting: RHB José Vargas
|
0-0: Foul Ball, location: 2F 0-1: Ball 1-1: Swinging Strike 1-2: Fly out, F7 (Line Drive, 7S)
|
Batting: RHB Lu Tsai
|
0-0: Ball 1-0: Ball 2-0: Called Strike 2-1: Foul Ball, location: 2F 2-2: Ball 3-2: Strikes out swinging
|
Bottom of the 8th over - 3 runs, 4 hits, 0 errors, 2 left on base; Idaho Falls 5 - Hogsmeade 9 |
TOP OF THE 9TH |
Idaho Falls Chukars batting - Pitching for Hogsmeade Cauldrons : RHP Cristóbal Garza
|
Pitching: RHP Brian Peeks
|
|
Batting: SHB Tony Manzanares
|
0-0: Ball 1-0: Foul Ball, location: 2F 1-1: Ball 2-1: DOUBLE (Line Drive, 89XD)
|
Batting: RHB Fytor Ceia
|
0-0: Ball 1-0: Foul Ball, location: 2F 1-1: Swinging Strike 1-2: Ball 2-2: Foul Ball, location: 2F 2-2: Strikes out swinging
|
Batting: SHB Ernesto Carrión
|
0-0: Ball 1-0: Ball 2-0: Ball 3-0: Base on Balls
|
Batting: LHB Wulf Paauwe
|
0-0: Ball 1-0: Called Strike 1-1: SINGLE (Line Drive, 9LS) Tony Manzanares to third Ernesto Carrión to second
|
Batting: RHB Paul Evison
|
0-0: Called Strike 0-1: Swinging Strike 0-2: Foul Ball, location: 2F 0-2: Ball 1-2: Strikes out looking
|
Batting: LHB Juan Rosado
|
0-0: Ball 1-0: Foul Ball, location: 2F 1-1: Ball 2-1: SINGLE (Groundball, 4D) Tony Manzanares scores Ernesto Carrión to third Wulf Paauwe to second
|
Pinch Hitting: LHB Jared Morningstar
|
0-0: Swinging Strike 0-1: Ball 1-1: Ball 2-1: Ball 3-1: Called Strike 3-2: Base on Balls Ernesto Carrión scores Wulf Paauwe to third Juan Rosado to second
|
Batting: RHB Ilkka Haapajarvi
|
0-0: Called Strike 0-1: Foul Ball, location: 2F 0-2: Strikes out looking
|
Top of the 9th over - 2 runs, 3 hits, 0 errors, 3 left on base; Idaho Falls 7 - Hogsmeade 9 |
|